 Dungeon Crawl Stone Soup version 0.23-a0-554-gd3cbc84 (webtiles) character file.

1221 MisterFreud the Fighter (level 8, -7/78 HPs)
             Began as a Minotaur Abyssal Knight on Dec 10, 2018.
             Was a Priest of Lugonu.
             Mangled by an orc warrior
             ... wielding a cursed +0 scimitar
              (17 damage)
             ... on level 5 of the Dungeon.
             The game lasted 00:15:49 (6023 turns).

MisterFreud the Fighter (Minotaur Abyssal Knight)   Turns: 6023, Time: 00:15:49

Health: -7/78      AC:  8    Str: 23    XL:     8   Next: 23%
Magic:  11/11      EV: 10    Int: 12    God:    Lugonu [***...]
Gold:   138        SH:  0    Dex:  9    Spells: 7/7 levels left

rFire    . . .     SeeInvis .   a - +1 falchion
rCold    . . .     Gourm    .   (no shield)
rNeg     . . .     Faith    .   g - +0 scale mail
rPois    .         Spirit   .   (helmet restricted)
rElec    .         Reflect  .   (no cloak)
rCorr    .         Harm     .   (no gloves)
MR       .....                  (no boots)
Stlth    ..........             (no amulet)
HPRegen  0.23/turn              k - +3 ring of intelligence
MPRegen  0.12/turn              (no ring)

@: mighty
A: retaliatory headbutt, fangs 1, horns 2, shaggy fur 1, weak 1
a: Depart the Abyss, Bend Space, Banish, Renounce Religion


You were on level 5 of the Dungeon.
You worshipped Lugonu.
Lugonu was most pleased with you.
You were not hungry.

You visited 1 branch of the dungeon, and saw 5 of its levels.
You visited the Abyss 1 time.

You collected 264 gold pieces.
You spent 126 gold pieces at shops.

Inventory:

Hand Weapons
 a - a +1 falchion (weapon)
Missiles
 b - 15 bolts
 d - 203 stones (quivered)
 e - 51 poisoned needles
 m - 10 sling bullets
 p - 4 tomahawks
 t - 107 arrows
Armour
 g - a +0 scale mail (worn)
 o - a +0 shield
 v - the +1 robe of Qedghow {rPois Str-4 Dex+4}
   (You found it on level 4 of the Dungeon)

   It affects your strength (-4).
   It affects your dexterity (+4).
   It protects you from poison.
Jewellery
 k - a +3 ring of intelligence (left hand)
Wands
 f - a wand of random effects (25)
 n - a wand of iceblast (1)
Scrolls
 h - 4 scrolls of teleportation
 i - 2 scrolls of remove curse
 r - 2 scrolls of enchant armour
Potions
 j - 2 potions of might
 l - 3 potions of curing
 q - 2 potions of lignification
 s - a potion of berserk rage
 u - a potion of degeneration
 w - a potion of cancellation {unknown}
 z - a potion of mutation
Comestibles
 c - 6 rations


   Skills:
 - Level 9.0 Fighting
 - Level 2.4 Long Blades
 + Level 5.8 Armour
 - Level 1.1 Dodging
 * Level 5.8 Invocations


You had 7 spell levels left.
You didn't know any spells.
Your spell library was empty.

Dungeon Overview and Level Annotations

Branches:
Dungeon (5/15)             Temple (0/1) D:4

Altars:
Cheibriados
Trog
Yredelemnul

Shops:
D:4 !


Innate Abilities, Weirdness & Mutations

You reflexively headbutt those who attack you in melee.
You have a pair of horns on your head.
You have very sharp teeth.
You are covered in fur. (AC +1)
You are weak. (Str -2)


Message History

The orc warrior is heavily wounded.
The orc warrior hits you with a cursed +0 scimitar!
* * * LOW HITPOINT WARNING * * *
You hit the orc warrior but do no damage.
The orc warrior is heavily wounded.
The orc warrior hits you with a cursed +0 scimitar.
* * * LOW HITPOINT WARNING * * *
Evoke which item? (* to show all) (? for menu, Esc to quit)
Aiming: Iceblast
Press: ? - help, Shift-Dir - straight line, f - orc warrior
Aim: an orc warrior, wielding a +0 scimitar and wearing a +0 plate armour
Okay, then.
Unknown command.
Unknown command.
Unknown command.
Unknown command.
You feel very mighty all of a sudden.
You feel less wooden.
Your +0 scale mail unmelds from your body.
The orc warrior hits you with a cursed +0 scimitar!
You die...

#....## ##'#..###....
##..## ##....###.#. ##'##
...#....#...#. ##..##
...##..##..<#. ###....# ..
#'####..## #.'....## oh
..###...## #.##..#'## .#
....#.....# #.#####..##
'#'....#....## #.#
#...@##..##..##....#. #.#
#....oh5..######..... #.#
##..##....#....#..##. #.#
######..##....##..#.
#.######...####......#....
#.........##..#.....####..
#######..........#.######.
##.###.....#..#..... #.#
###...#........


You could see an orc warrior, a crimson imp and a jackal.

Vanquished Creatures
  Grinder (D:3)
  An ice beast (D:5)
  A phantom (D:4)
  2 ogres
  A centaur (D:5)
  2 crimson imps (D:5)
  A hound (D:4)
  2 orc priests (D:4)
  3 orc wizards (D:4)
  Jessica (D:3)
  Terence (D:2)
  An iguana (D:4)
  4 worker ants
  5 adders
  2 oozes (D:1)
  4 dart slugs
  4 worms (D:2)
  7 leopard geckos
  9 orcs
  5 bats
  7 giant cockroaches
  13 goblins
  12 hobgoblins
  9 jackals
  A quokka (D:4)
  12 frilled lizards
  A jackal skeleton (D:3)
  8 kobolds
  7 rats
127 creatures vanquished.

Notes
Turn   | Place    | Note
-------+----------+-------------------------------------------
     0 | Abyss:1  | MisterFreud the Minotaur Abyssal Knight began the quest for
                  | the Orb.
     0 | Abyss:1  | Reached XP level 1. HP: 19/19 MP: 1/1
    33 | D:1      | Escaped the Abyss
   102 | D:1      | Reached skill level 4 in Fighting
   135 | D:1      | Reached XP level 2. HP: 26/28 MP: 2/2
   246 | D:1      | Reached skill level 5 in Fighting
   267 | D:1      | Reached XP level 3. HP: 29/36 MP: 3/3
   413 | D:1      | Reached ** piety under Lugonu
   909 | D:2      | Reached skill level 6 in Fighting
   909 | D:2      | Reached XP level 4. HP: 41/44 MP: 4/4
  1300 | D:2      | Noticed Terence
  1654 | D:2      | Killed Terence
  1828 | D:2      | Found a basalt altar of Yredelemnul.
  1862 | D:2      | Reached skill level 7 in Fighting
  1862 | D:2      | Reached XP level 5. HP: 44/52 MP: 5/5
  2338 | D:3      | Noticed Jessica
  2378 | D:3      | Reached *** piety under Lugonu
  2391 | D:3      | Killed Jessica
  2591 | D:3      | Noticed Grinder
  2634 | D:3      | Gained mutation: You are covered in fur. (AC +1) [potion of
                  | mutation]
  2634 | D:3      | Gained mutation: You are weak. (Str -2) [potion of
                  | mutation]
  2634 | D:3      | Gained mutation: You have very sharp teeth. [potion of
                  | mutation]
  2652 | D:3      | Killed Grinder
  2652 | D:3      | Reached skill level 9 in Fighting
  2652 | D:3      | Reached XP level 6. HP: 38/63 MP: 6/6
  2908 | D:3      | Found a bloodstained altar of Trog.
  3366 | D:4      | Reached XP level 7. HP: 16/70 MP: 7/7
  3717 | D:4      | Found Xelegaw's Distillery.
  3736 | D:4      | Bought a potion of curing for 42 gold pieces
  3736 | D:4      | Bought a potion of curing for 42 gold pieces
  3736 | D:4      | Bought a potion of lignification for 42 gold pieces
  3861 | D:4      | Got an ichor-stained robe
  3872 | D:4      | Identified the +1 robe of Qedghow {rPois Str-4 Dex+4} (You
                  | found it on level 4 of the Dungeon)
  4239 | D:4      | Found a staircase to the Ecumenical Temple.
  4527 | D:5      | Entered Level 5 of the Dungeon
  5121 | D:4      | Reached skill level 5 in Armour
  5262 | D:5      | Found a snail-covered altar of Cheibriados.
  5696 | D:5      | Reached skill level 5 in Invocations
  5696 | D:5      | Reached XP level 8. HP: 70/78 MP: 10/10
  6023 | D:5      | Mangled by an orc warrior

Vault maps used:
D:1:      minmay_arrival_four_houses
D:2:      yredelemnul_altar_generic, uniq_terence
D:3:      bloody_trog, uniq_jessica, uniq_grinder
D:4:      minmay_temple_entry_overgrown, first_ration, serial_shops, shop
D:5:      minmay_bubble_buster, kennysheep_mini_moat,
          nicolae_ossuary_entry_false_entrances, hangedman_decor_points
Abyss:1:  evilmike_abyss_exit_15

Skill      XL: |  1  2  3  4  5  6  7 |
---------------+----------------------+-----
Fighting       | 4 5 6 7 9 |  9.0
Armour         | 3 5 |  5.8
Invocations    | 2 5 |  5.8
Long Blades    | |  2.4
Dodging        | |  1.1

Action                   |  1- 3 |  4- 6 |  7- 9 || total
-------------------------+-------+-------+-------++-------
Melee: Falchion          |    66 |   157 |   158 ||   381
       Headbutt          |    10 |    19 |    29 ||    58
       Bite              |       |     4 |    12 ||    16
Throw: Stone             |       |       |     2 ||     2
Evoke: Wand              |       |     7 |       ||     7
  Use: Scroll            |       |     6 |     6 ||    12
       Potion            |       |     4 |     3 ||     7
  Eat: Chunk             |       |     8 |     6 ||    14
       Ration            |       |       |     1 ||     1
Armor: Leather armour    |     9 |    17 |       ||    26
       Scale mail        |       |    32 |    53 ||    85
       Skin              |       |     7 |    15 ||    22
Dodge: Dodged            |    38 |    59 |    63 ||   160
       Rpst.: Falchion   |     6 |    16 |    19 ||    41

Table legend:
 A = Non-vault XP
 B = Vault XP
 C = Vault XP percentage of total XP
 D = Non-vault monster count
 E = Vault monster count
 F = Vault count percentage of total count
                 A         B        C        D         E       F
            +---------+---------+-------+---------+---------+-------
      Total |    1285 |     460 |  26.4 |     120 |       7 |   5.5
            +---------+---------+-------+---------+---------+-------
        D:1 |      74 |       0 |   0.0 |      32 |       0 |   0.0
        D:2 |     106 |      36 |  25.4 |      35 |       1 |   2.8
        D:3 |      53 |     309 |  85.4 |      16 |       2 |  11.1
        D:4 |     592 |       0 |   0.0 |      27 |       0 |   0.0
        D:5 |     460 |     115 |  20.0 |      10 |       4 |  28.6
            +---------+---------+-------+---------+---------+-------
